 Dungeon Crawl Stone Soup version 0.20-a0-222-gb69ddcd (webtiles) character file.

253 KristoblXynda the Stinger (level 5, 0/41 HPs)
             Began as a Draconian Venom Mage on Nov 29, 2016.
             Engulfed by a cloud of flame (20 damage)
             ... on level 4 of the Dungeon.
             The game lasted 00:07:22 (3435 turns).

KristoblXynda the Stinger (Draconian Venom Mage)    Turns: 3435, Time: 00:07:23

Health: 0/41       AC:  6    Str: 10    XL:     5   Next: 90%
Magic:  9/10       EV: 12    Int: 17    God:
Gold:   264        SH:  0    Dex: 11    Spells: 7/11 levels left

rFire  . . .     SeeInvis .     o - +4 spear
rCold  . . .     Gourm    .     (armour unavailable)
rNeg   . . .     Faith    .     (no shield)
rPois  .         Spirit   .     (helmet restricted)
rElec  .         Reflect  .     (no cloak)
rCorr  .         Harm     .     e - +0 pair of gloves
MR     .....                    (no boots)
Stlth  ++........               (no amulet)
                                (no ring)
                                (no ring)

@: flying
A: unfitting armour, cold-blooded, AC +5
a: no special abilities


You were on level 4 of the Dungeon.
You were not hungry.

You visited 1 branch of the dungeon, and saw 4 of its levels.

You collected 264 gold pieces.

Inventory:

Hand Weapons
 o - a +4 spear (weapon)
Armour
 e - a +0 pair of gloves (worn)
Scrolls
 d - a scroll of remove curse
 g - a scroll of teleportation
 i - a scroll of recharging
Potions
 c - a potion of flight
 f - a potion of heal wounds {unknown}
 h - a potion of haste
 k - a potion of invisibility
Books
 a - a Young Poisoner's Handbook

   Spells                             Type                      Level
   a - Sting                          Conjuration/Poison           1
   b - Mephitic Cloud                 Conjuration/Poison/Air       3
   c - Olgreb's Toxic Radiance        Poison                       4
   d - Alistair's Intoxication        Transmutation/Poison         5
   e - Venom Bolt                     Conjuration/Poison           5
Comestibles
 b - a bread ration
 j - 3 meat rations
 l - a chunk of flesh


   Skills:
 - Level 2.1 Fighting
 + Level 2.2 Dodging
 - Level 1.7 Stealth
 + Level 3.6 Spellcasting
 - Level 2.0 Conjurations
 + Level 1.0 Air Magic
 - Level 5.0 Poison Magic


You had 7 spell levels left.
You knew the following spells:

 Your Spells              Type           Power        Failure   Level  Hunger
a - Sting                 Conj/Pois      ###.         4%          1    None
b - Mephitic Cloud        Conj/Pois/Air  ##......     17%         3    ###....


Dungeon Overview and Level Annotations

Branches:
Dungeon (4/15)
 Temple: D:4-7

Altars:
Hepliaklqana
Makhleb
Trog
Uskayaw
Zin


Innate Abilities, Weirdness & Mutations

Your plain brown scales are hard. (AC +5)
You cannot fit into any form of body armour.
You are cold-blooded and may be slowed by cold attacks.


Message History

You barely miss the ooze. You tail-slap the ooze.
The ooze is heavily wounded.
The ooze hits you but does no damage.
You barely miss the ooze.
The ooze is heavily wounded.
The ooze barely misses you.
You hit the ooze.
You kill the ooze!
Found 28 stones and a hand axe.
As you read the scroll labeled NOAWOP UKUEQUDGH, it crumbles to dust.
It is a scroll of recharging.
You aren't carrying any rechargeable items.
You feel very buoyant.
You fly up into the air.
Really fly into a travel-excluded area?
Found 12 gold pieces and a buckler.
You are engulfed in roaring flames.
Ouch! That really hurt!
You are engulfed in roaring flames.
You die...

.....#
#....)..)..# ##
.....#
#.##..###..#
.....#
####...#####
..#..# #§§§#
..#..# #######
#§§§# ..#....
......# #.§§#
........
....#####...#
#.## ###
#..§§§..?.. .#
#..@§§.)($.
##..§§§.(=[.
#..#####...# #
#..# §§# #. #.##
#
#.###########.##
#..............#
###...........##
....†...#####.#


There were no monsters in sight!

Vanquished Creatures
  A scorpion (D:4)
  Jessica (D:2)
  3 worker ants
  4 adders
  An ooze (D:4)
  2 worms
  A dart slug (D:1)
  2 leopard geckos (D:4)
  5 orcs (D:4)
  3 bats (D:1)
  6 giant cockroaches
  6 goblins
  2 hobgoblins
  6 jackals (D:3)
  A quokka (D:4)
  A ball python (D:1)
  A frilled lizard (D:1)
  A jackal skeleton (D:4)
  4 kobolds
  6 rats
57 creatures vanquished.

Vanquished Creatures (others)
  A dart slug (D:4)
1 creature vanquished.

Grand Total: 58 creatures vanquished

Notes
Turn   | Place    | Note
-------+----------+-------------------------------------------
     0 | D:1      | KristoblXynda the Draconian Venom Mage began the quest for the Orb.
     0 | D:1      | Reached XP level 1. HP: 14/14 MP: 3/3
   269 | D:1      | Reached skill level 1 in Conjurations
   279 | D:1      | Reached XP level 2. HP: 18/20 MP: 0/5
   771 | D:2      | Found a glowing silver altar of Zin.
   771 | D:2      | Noticed an angel
   771 | D:2      | Noticed Jessica
   775 | D:2      | Killed Jessica
   775 | D:2      | Reached XP level 3. HP: 26/26 MP: 1/6
  1489 | D:2      | Learned a level 3 spell: Mephitic Cloud
  2023 | D:3      | Found a hazy altar of Hepliaklqana.
  2029 | D:3      | Found a hide-covered altar of Uskayaw.
  2037 | D:3      | Found a bloodstained altar of Trog.
  2039 | D:3      | Found a burning altar of Makhleb.
  2135 | D:3      | Reached XP level 4. HP: 28/33 MP: 2/8
  2463 | D:3      | Reached skill level 1 in Fighting
  2627 | D:4      | Reached skill level 5 in Poison Magic
  2627 | D:4      | Reached XP level 5. HP: 41/41 MP: 4/9
  3373 | D:4      | Reached skill level 1 in Air Magic
  3435 | D:4      | Engulfed by a cloud of flame

Vault maps used:
D:1:      tarquinn_simple_flora_water_c
D:2:      zin_angel, first_bread, kennysheep_generic_room_11, uniq_jessica
D:3:      minitemple
D:4:      lemuel_flame_loot_1

Skill      XL: |  1  2  3  4  5 |
---------------+----------------+-----
Conjurations   | 1 2 |  2.0
Fighting       | 1 2 |  2.1
Spellcasting   | 3 |  3.6
Poison Magic   | 5 |  5.0
Dodging        | 2 |  2.2
Air Magic      | 1 |  1.0
Stealth        | |  1.7

Action                   |  1- 3 |  4- 6 || total
-------------------------+-------+-------++-------
Melee: Unarmed           |    77 |    42 ||   119
       Tailslap          |     8 |     8 ||    16
       Spear             |       |    38 ||    38
 Cast: Sting             |    43 |    46 ||    89
  Use: Scroll            |       |    12 ||    12
       Potion            |       |     1 ||     1
 Stab: Sleeping          |     1 |       ||     1
  Eat: Chunk             |     2 |     2 ||     4
       Bread ration      |     1 |       ||     1
Armor: Skin              |    35 |    23 ||    58
Dodge: Dodged            |    60 |    56 ||   116
